 Dungeon Crawl Stone Soup version bcrawl-1.41.1 (webtiles) character file.

Game seed: 4809783472394892184

118211 Offlinedude47 the Skirmisher (level 5, -4/46 HPs)
             Began as a Centaur Fighter on Apr 17, 2024.
             Was an Initiate of Nemelex Xobeh.
             Slain by Grinder (8 damage)
             ... while paralysed by Grinder
             ... on level 5 of the Dungeon.
             The game lasted 00:25:05 (2994 turns).

Offlinedude47 the Skirmisher (Centaur Fighter)      Turns: 2994, Time: 00:25:05

Health: -4/46      AC:  8    Str: 20    XL:     5   Next: 1%
Magic:  5/5        EV:  1    Int:  8    God:    Nemelex Xobeh [......]
Gold:   202        SH:  0    Dex: 10    Spells: 4/4 levels left

rFire    . . .     GDR:     25% a - +0 war axe
rCold    . . .     SeeInvis .   c - +0 medium shield
rNeg     . . .     Gourm    .   b - +0 scale mail
rPois    .         Faith    .   (no helmet)
rElec    .         Spirit   .   (no cloak)
rCorr    .         Reflect  .   h - +0 pair of gloves
MR       .....                  (no barding)
Stlth    +.........             (no amulet)
HPRegen  0.17/turn              p - ring of stealth
MPRegen  0.09/turn              (no ring)

@: paralysed, sluggish, quick
A: large, hooves 3, deformed body, herbivore, speed 2, tough skin 3
a: Draw Escape, Draw Destruction, Draw Summoning, Renounce Religion


You were on level 5 of the Dungeon.
You worshipped Nemelex Xobeh.
Nemelex Xobeh was noncommittal.
You were full.

You visited 2 branches of the dungeon, and saw 6 of its levels.

You collected 219 gold pieces.
You donated 17 gold pieces to Zin.

Inventory:

Hand Weapons
 a - a +0 war axe (weapon)
 k - a +0 hunting sling
Missiles
 f - 531 stones
 m - 137 arrows
 n - 472 bolts (quivered)
Armour
 b - a +0 scale mail (worn)
 c - a +0 medium shield (worn)
 h - a +0 pair of gloves (worn)
Magical Staves
 q - an uncursed staff of wizardry {unknown}
Jewellery
 g - the ring "Syizan" {+Fly rPois MR- Str+2, unknown}
   (You found it on level 5 of the Dungeon)

   [ring of flight]

   It affects your strength (+2).
   It protects you from poison.
   It affects your resistance to hostile enchantments.
   It lets you fly.
 p - a ring of stealth (left hand)
Scrolls
 i - a scroll of identify
 j - a scroll of remove curse
Potions
 d - a potion of ambrosia
 o - a potion of curing
Comestibles
 e - 6 rations {!d}


   Skills:
 + Level 3.8 Fighting
 + Level 3.2 Axes
 + Level 3.6 Armour
 + Level 0.3 Dodging
 + Level 3.0 Shields


You had 4 spell levels left.
You didn't know any spells.
Your spell library was empty.

Dungeon Overview and Level Annotations

Branches:
Dungeon (5/12)             Temple (1/1) D:4

Altars:
Dithmenos
Fedhas
Hepliaklqana
Kikubaaqudgha
Lugonu
Makhleb
Nemelex Xobeh
Qazlal
Sif Muna
Vehumet
Zin

Shops:
D:4 }:

Annotations:
D:5 Grinder


Innate Abilities, Weirdness & Mutations

You have hooves in place of feet.
Armour fits poorly on your strangely shaped body.
You are a herbivore.
You cover ground very quickly.
You have extremely tough skin. (AC +3)


Message History

You kick Grinder, but do no damage.
Grinder is severely wounded.
Grinder gestures at you. Pain shoots through your body!
Your shield prevents you from hitting Grinder.
Your kick misses Grinder.
Grinder is severely wounded.
Grinder hits you.
You closely miss Grinder.
Grinder is severely wounded.
Grinder gestures at you.
You suddenly lose the ability to move!
Grinder hits you.
You writhe in agony.
Grinder hits you!
* * * LOW HITPOINT WARNING * * *
You writhe in agony.
* * * LOW HITPOINT WARNING * * *
Grinder hits you but does no damage. Grinder hits you!
You die...
Your body disappears without a glow.

..... #..##. .... #.... ...
#... #######. . #..#
#....##. O..
#..########.......
....######..##.............
..........5.............##.
..........@.##....##....##.
....#.%###..##^...##.......
# ######..##.............
#.......5.........##.
#.....########....##.
#.....# #....##. ##....#
###### ######


You could see Grinder.

Vanquished Creatures
  2 crimson imps
  3 adders
  An ooze (D:3)
  A worm (D:1)
  2 dart slugs
  A leopard gecko (D:1)
  2 orcs
  2 giant cockroaches (D:3)
  4 goblins
  3 hobgoblins
  2 quokkas (D:2)
  A ball python (D:1)
  2 bats
  2 frilled lizards
  4 kobolds
  3 rats
  A demonic plant (Temple)
  3 fungi
39 creatures vanquished.

Notes
Turn   | Place    | Note
-------+----------+-------------------------------------------
     0 | D:1      | Offlinedude47 the Centaur Fighter began the quest for the
                  | Orb.
     0 | D:1      | Reached XP level 1. HP: 19/19 MP: 1/1
  1228 | D:1      | Reached XP level 2. HP: 9/26 MP: 2/2
  1921 | D:2      | Reached XP level 3. HP: 31/31 MP: 3/3
  2007 | D:2      | Found a glowing silver altar of Zin.
  2014 | D:2      | Became a worshipper of Zin the Law-Giver
  2112 | D:3      | Reached XP level 4. HP: 10/39 MP: 4/4
  2157 | D:3      | Reached * piety under Zin
  2243 | D:3      | Found a stormy altar of Qazlal.
  2247 | D:3      | Found a blossoming altar of Fedhas.
  2422 | D:3      | Reached ** piety under Zin
  2648 | D:4      | Found Rymiedd's Book Boutique.
  2662 | D:4      | Reached XP level 5. HP: 43/46 MP: 5/5
  2715 | D:4      | Found a staircase to the Ecumenical Temple.
  2721 | Temple   | Entered the Ecumenical Temple
  2776 | Temple   | Fell from the grace of Zin
  2776 | Temple   | Became a worshipper of Nemelex Xobeh the Trickster
  2855 | D:4      | Received a gift from Nemelex Xobeh
  2856 | D:4      | Found Sewia's Gadget Emporium.
  2918 | D:5      | Entered Level 5 of the Dungeon
  2935 | D:5      | Noticed Grinder
  2942 | D:5      | Paralysed by Grinder for 3 turns
  2955 | D:5      | Got a crude jade ring
  2980 | D:5      | Noticed an ogre
  2991 | D:5      | Paralysed by Grinder for 4 turns
  2994 | D:5      | Slain by Grinder

Skill      XL: |  1  2  3  4 |
---------------+-------------+-----
Armour         | 3 |  3.6
Axes           | 3 |  3.2
Shields        | 3 |  3.0
Fighting       | |  3.8
Dodging        | |  0.3

Action                   |  1- 3 |  4- 6 || total
-------------------------+-------+-------++-------
Melee: War axe           |   124 |    79 ||   203
       Kick              |    12 |    18 ||    30
Throw: Stone             |     1 |       ||     1
  Use: Potion            |     5 |     1 ||     6
       Scroll            |     1 |     2 ||     3
  Eat: Ration            |     2 |     3 ||     5
Armor: Scale mail        |    57 |    37 ||    94
Dodge: Dodged            |    20 |     7 ||    27
Block: Medium shield     |    60 |    26 ||    86
